 Dungeon Crawl Stone Soup version 0.30-a0-845-g7c6808c8ce (webtiles) character file.

Game seed: 6011624280604547273

5100 Bnni the Tainter (level 10, -4/78 (80) HPs)
             Began as a Formicid Venom Mage on Mar 3, 2023.
             Was a Believer of Cheibriados.
             Slain by a merfolk
             ... wielding a +0 spear
              (13 damage)
             ... on level 9 of the Dungeon.
             The game lasted 00:23:47 (9753 turns).

Bnni the Tainter (Formicid Venom Mage)              Turns: 9753, Time: 00:23:47

HP:   -4/78 (80)    AC: 10    Str: 19    XL:     10   Next: 87%
MP:   3/14          EV: 11    Int: 21    God:    Cheibriados [**....]
Gold: 674           SH:  0    Dex: 18    Spells: 3/15 levels left

rFire   . . .      SeeInvis +    e - +3 war axe
rCold   + . .      Faith    .    (no shield)
rNeg    . . .      Spirit   .    x - +2 ring mail {rPois}
rPois   +          Reflect  .    (helmet unavailable)
rElec   .          Rampage  .    (no cloak)
rCorr   +                        v - +0 pair of gloves
Will    +....                    a - +0 pair of boots
Stlth   ++                       (no amulet)
HPRegen 0.33/turn                D - ring of protection from cold
MPRegen 0.14/turn                u - ring of resist corrosion

@: lightly drained, very slow
A: permanent stasis, dig shafts and tunnels, antennae 3, four strong arms
a: Dig, Shaft Self, Renounce Religion, Bend Time


You were on level 9 of the Dungeon.
You worshipped Cheibriados.
Cheibriados was pleased with you.
You visited 2 branches of the dungeon, and saw 10 of its levels.

You collected 674 gold pieces.

Inventory:

Hand Weapons
 c - a +2 dagger of electrocution
 e - a +3 war axe (weapon)
 k - a +5 halberd
 q - a +0 executioner's axe
Missiles
 p - 3 curare-tipped darts
Armour
 a - a +0 pair of boots (worn)
 v - a +0 pair of gloves (worn)
 x - a +2 ring mail of poison resistance (worn)
Magical Staves
 G - a staff of poison
Jewellery
 u - a ring of resist corrosion (right hand)
 D - a ring of protection from cold (left hand)
Wands
 w - a wand of charming (34)
 A - a wand of roots (7)
 B - a wand of polymorph (3)
Scrolls
 b - a scroll of brand weapon {unknown}
 d - 5 scrolls of poison
 h - a scroll of fog {unknown}
 i - 2 scrolls of fear {unknown}
 o - 5 scrolls of enchant armour
 r - a scroll of amnesia
 t - a scroll of vulnerability {unknown}
 y - a scroll of enchant weapon {unknown}
 C - a scroll of immolation
 E - a scroll of silence {unknown}
Potions
 f - 4 potions of curing
 g - a potion of magic
 j - 4 potions of flight
 l - a potion of might
 m - 3 potions of brilliance
 n - 2 potions of heal wounds
 s - a potion of invisibility {unknown}
 z - a potion of haste {unknown}
 F - a potion of attraction {unknown}


   Skills:
 + Level 7.8 Fighting
 * Level 6.0 Axes
 + Level 5.9 Armour
 - Level 1.7 Dodging
 - Level 2.4 Stealth
 - Level 3.0 Spellcasting
 - Level 1.1 Transmutations
 + Level 3.2 Air Magic
 - Level 12.0 Poison Magic
 + Level 4.6 Invocations


You had 3 spell levels left.
You knew the following spells:

 Your Spells              Type           Power      Damage    Failure   Level
a - Sting                 Tmut/Pois      100%       1d8       1%          1
b - Poisonous Vapours     Pois/Air       70%        N/A       1%          2
c - Mephitic Cloud        Conj/Pois/Air  24%        N/A       9%          3
d - Olgreb's Toxic Radia  Pois           52%        N/A       1%          4
e - Cigotuvi's Dreadful   Necr/Pois/Air  48%        N/A       4%          2

Your spell library contained the following spells:

 Spells                   Type           Power      Damage    Failure   Level
 Shock                    Conj/Air       36%        1d5       11%         1
 Freeze                   Ice            12%        1d3       22%         1
 Summon Small Mammal      Summ           12%        N/A       22%         1
 Frozen Ramparts          Ice            6%         1d1       54%         3
 Hailstorm                Conj/Ice       3%         3d3       54%         3
 Inner Flame              Hex/Fire       3%         N/A       54%         3
 Dispel Undead            Necr           3%         3d7       91%         4
 Flame Wave               Conj/Fire      3%         2d5       91%         4
 Sticky Flame             Conj/Fire      3%         2d3       91%         4
 Death Channel            Necr           1%         N/A       100%        6
 Necromutation            Tmut/Necr      2%         N/A       100%        8
 Death's Door             Necr           1%         N/A       100%        9


Dungeon Overview and Level Annotations

Branches:
Dungeon (9/15)             Temple (1/1) D:5
   Lair: D:8-11         Orc: D:9-12

Altars:
Ashenzari
Cheibriados
Dithmenos
Elyvilon
Fedhas
Gozag
Hepliaklqana
Kikubaaqudgha
Makhleb
Nemelex Xobeh
Okawaru
Qazlal
Ru
Sif Muna
Trog
Uskayaw
Vehumet
Wu Jian
Xom
Yredelemnul
Zin
The Shining One

Shops:
D:2 (


Innate Abilities, Weirdness & Mutations

You cannot be hasted, slowed, berserked, paralysed or teleported.
You can dig through walls and to a lower floor.
You have a pair of large antennae on your head. (SInv)
Your four strong arms can wield two-handed weapons with a shield.


Message History

Aim: a merfolk, wielding a +0 spear (lightly wounded, very poisoned)
You feel a surge of power!
Poisonous vapours surround the merfolk!
The merfolk looks as sick as possible!
Aiming: Poisonous Vapours (safe; 1% risk of failure)
Press: ? - help, Q - select action, (/) - cycle Dir - move target, f/p - merfolk
Aim: a merfolk, wielding a +0 spear (lightly wounded, extremely poisoned)
You feel a surge of power!
Poisonous vapours surround the merfolk!
The merfolk looks as sick as possible!
The merfolk hits you with a +0 spear! x2
There is an open door, spattered with blood here.
You completely miss the merfolk.
The merfolk is lightly wounded.
The merfolk hits you with a +0 spear.
e - a +3 war axe (weapon)
The merfolk hits you with a +0 spear!
You are too injured to fight recklessly!
You are too injured to fight recklessly!
You hit the merfolk but do no damage.
The merfolk is moderately wounded.
The merfolk hits you but does no damage.
You slash the merfolk!
The merfolk is heavily wounded.
The merfolk hits you with a +0 spear!
* * * LOW HITPOINT WARNING * * *
Casting: Poisonous Vapours (safe; 1% risk of failure)
Confirm with . or Enter, or press ? or * to list all spells.
Aiming: Mephitic Cloud (dangerous; 9% risk of failure)
Press: ? - help, Shift-Dir - straight line, p - merfolk The ball explodes into a vile cloud!
The stinking cloud engulfs the merfolk but does no damage.
The merfolk is heavily wounded.
The merfolk is engulfed in noxious fumes.
The merfolk hits you with a +0 spear!
* * * LOW HITPOINT WARNING * * *
The flow of time bends around you.
Cheibriados rebukes the merfolk.
The merfolk seems to slow down.
The merfolk is engulfed in noxious fumes.
The merfolk appears confused.
The merfolk hits you with a +0 spear!
You die...

#........#
#........#
#........#
#........#
#........#
###........#
#......!...#
#.#........#
#@##.......#
#.m~#.......#
#.☼○#.......#
#(☼~#.......#
......# ..
#(.†#.####..#
......#
....#####.#
..# ......#
..........#
......#
..#####...#
......# #...#


You could see a merfolk (confused, very poisoned, slow).

Vanquished Creatures
  A boulder beetle (D:8)
  A gargoyle (D:8)
  A tengu conjurer (D:8)
  Grinder (D:3)
  Sigmund (D:5)
  Eustachio (D:6)
  A vampire mosquito (D:8)
  Menkaure (D:4)
  2 water moccasins
  Duvessa (D:4)
  3 orc warriors
  A sky beast (D:8)
  2 black bears
  2 centaurs (D:8)
  A phantom (D:6)
  3 kobold brigands
  3 bullfrogs
  A scorpion (D:7)
  12 wights
  Dowan (D:4)
  4 killer bees (D:8)
  3 howler monkeys
  A crimson imp (D:6)
  4 hounds
  A gnoll bouda (D:6)
  2 orc priests
  4 orc wizards
  2 iguanas
  Ijyb (D:5)
  14 gnolls
  4 adders
  A shadow imp (D:7)
  2 white imps
  An ufetubus (D:6)
  3 worms
  3 dart slugs
  27 orcs
  12 ball pythons
  5 bats
  6 endoplasms
  4 giant cockroaches
  11 goblins
  6 hobgoblins
  18 kobolds
  2 quokkas
  5 frilled lizards
  A quokka zombie (D:5)
  7 rats
  A rat zombie (D:5)
195 creatures vanquished.

Notes
Turn   | Place    | Note
-------+----------+-------------------------------------------
     0 | D:1      | Bnni the Formicid Venom Mage began the quest for the Orb.
     0 | D:1      | Reached XP level 1. HP: 13/13 MP: 3/3
    95 | D:1      | Reached XP level 2. HP: 4/20 MP: 0/5
   103 | D:1      | Learned a level 2 spell: Poisonous Vapours
   211 | D:1      | Reached skill level 1 in Fighting
   460 | D:1      | Reached XP level 3. HP: 25/26 MP: 6/6
   882 | D:1      | Reached skill level 5 in Poison Magic
  1073 | D:2      | Found Xim Da Dohu's Antique Weapon Shop.
  1201 | D:2      | Reached XP level 4. HP: 25/32 MP: 3/8
  1267 | D:2      | Learned a level 4 spell: Olgreb's Toxic Radiance
  2018 | D:3      | Found a basalt altar of Yredelemnul.
  2330 | D:3      | Noticed Grinder
  2373 | D:3      | Killed Grinder
  2374 | D:3      | Reached skill level 7 in Poison Magic
  2374 | D:3      | Reached XP level 5. HP: 36/41 MP: 0/9
  2374 | D:3      | Reached XP level 6. HP: 42/47 MP: 0/10
  2378 | D:3      | Learned a level 3 spell: Mephitic Cloud
  2970 | D:4      | Noticed Dowan
  2971 | D:4      | Noticed Duvessa
  2981 | D:4      | Killed Dowan
  2986 | D:4      | Killed Duvessa
  2987 | D:4      | Reached skill level 8 in Poison Magic
  2987 | D:4      | Reached XP level 7. HP: 39/54 MP: 0/11
  3745 | D:5      | Entered Level 5 of the Dungeon
  3750 | D:5      | Noticed Sigmund
  3750 | D:5      | Noticed Menkaure
  3943 | D:4      | Killed Menkaure
  3944 | D:4      | Reached skill level 9 in Poison Magic
  3948 | D:5      | Killed Sigmund
  3949 | D:5      | Reached skill level 5 in Fighting
  3949 | D:5      | Reached XP level 8. HP: 32/62 MP: 8/12
  3954 | D:5      | Reached skill level 10 in Poison Magic
  4111 | D:5      | Noticed Ijyb
  4232 | D:5      | Killed Ijyb
  4239 | D:5      | Learned a level 2 spell: Cigotuvi's Dreadful Rot
  4344 | D:5      | Found a staircase to the Ecumenical Temple.
  4591 | D:5      | Reached skill level 1 in Armour
  4598 | D:5      | Reached skill level 1 in Axes
  4870 | D:6      | Noticed Eustachio
  4881 | D:6      | Killed Eustachio
  4899 | D:6      | Reached skill level 11 in Poison Magic
  4899 | D:6      | Reached XP level 9. HP: 22/69 MP: 8/13
  5189 | D:6      | Found a burning altar of Makhleb.
  5581 | Temple   | Entered the Ecumenical Temple
  5875 | D:6      | Found a snail-covered altar of Cheibriados.
  5881 | D:6      | Became a worshipper of Cheibriados the Contemplative
  6032 | D:7      | You fall into a shaft and drop 2 floors!
  6131 | D:8      | Noticed a boulder beetle
  6138 | D:8      | Killed a boulder beetle
  6139 | D:8      | Reached skill level 1 in Air Magic
  6139 | D:8      | Reached skill level 12 in Poison Magic
  6139 | D:8      | Reached skill level 1 in Invocations
  6279 | D:7      | Identified the +4 chain mail "Nexaxu" {Harm Drain Will++
                  | Regen+}
  6532 | D:7      | Reached XP level 10. HP: 62/75 MP: 14/14
  7037 | D:7      | Reached * piety under Cheibriados
  7126 | D:7      | Reached skill level 5 in Armour
  7829 | D:8      | Reached skill level 5 in Axes
  7897 | D:8      | You fall into a shaft and drop 1 floor!
  8075 | D:9      | Reached ** piety under Cheibriados
  8162 | D:9      | Got Kikubaaqudgha's Folio of Shades
  8960 | D:8      | Noticed a gargoyle
  8980 | D:8      | Killed a gargoyle
  9228 | D:8      | Found a shimmering blue altar of Sif Muna.
  9259 | D:8      | Got Sif Muna's Grimoire of Bombardment
  9261 | D:8      | Got Sif Muna's Compendium of Invitation
  9753 | D:9      | Slain by a merfolk

Illustrated notes

Levels and vault maps discovered:
D:1:      dpeg_arrival_houses_and_road, layout_basic, serial_bayou_ford_a,
          nrook_campfire
D:2:      layout_loops_cross, serial_shops, nicolae_shop_stone
D:3:      layout_loops_ring, mainiacjoe_overflow_small_starburst, uniq_grinder
D:4:      layout_loops_ring, uniq_duvessa
D:5:      layout_cave_pools, minmay_temple_entry_from_below_a, enter_ossuary_4,
          uniq_sigmund, uniq_menkaure, uniq_ijyb
D:6:      layout_rooms, makhleb_grotto_becter, lemuel_round_altar, serial_glass,
          glass_columns_a, glass_columns_a, uniq_eustachio
D:7:      layout_basic
D:8:      layout_basic, nicolae_sif_muna_little_library, minmay_splitting_lines,
          wad_mini_maze
D:9:      layout_long_grid, hangedman_fish_farm
Temple:   dpeg_three_leaves_temple

Skill      XL: |  1  2  3  4  5  6  7  8  9 10 |
---------------+-------------------------------+-----
Fighting       | 1 3 4 5 6 7 |  7.8
Poison Magic   | 5 7 8 9 11 12 | 12.0
Spellcasting   | 3 |  3.0
Armour         | 2 4 5 |  5.9
Axes           | 1 3 6 |  6.0
Air Magic      | 1 3 |  3.2
Invocations    | 2 4 |  4.6
Dodging        | |  1.7
Stealth        | |  2.4
Transmutations | |  1.1

Action                     |  1- 3 |  4- 6 |  7- 9 | 10-12 || total
---------------------------+-------+-------+-------+-------++-------
  Melee: Dagger            |    45 |    35 |   134 |       ||   214
         Hand axe          |       |       |     5 |       ||     5
         War axe           |       |       |     4 |   102 ||   106
         Punch             |       |       |     1 |       ||     1
         Halberd           |       |       |       |    24 ||    24
         Staff             |       |       |       |     7 ||     7
  Throw: Dart              |       |     3 |       |       ||     3
   Cast: Sting             |    33 |    54 |    30 |     6 ||   123
         Olgreb's Toxic Ra |       |     2 |    15 |     7 ||    24
         Mephitic Cloud    |       |     1 |     6 |     1 ||     8
         Poisonous Vapours |       |       |    24 |    11 ||    35
 Invoke: Bend Time         |       |       |       |     5 ||     5
Ability: Dig               |       |       |     1 |     2 ||     3
         Shaft Self        |       |       |       |     1 ||     1
    Use: Scroll            |     1 |       |       |     5 ||     6
         Potion            |       |       |     7 |     3 ||    10
   Stab: Sleeping          |     1 |     1 |     2 |     1 ||     5
         Confused          |       |       |     1 |       ||     1
 Armour: Robe              |    12 |     5 |    18 |       ||    35
         Ring mail         |       |       |    15 |    65 ||    80
  Dodge: Dodged            |    36 |    27 |   106 |   101 ||   270

Table legend: (Time is in decaauts)
 A = Elapsed time spent in this place.
 B = Non-inter-level travel time spent in this place.
 C = Inter-level travel time spent in this place.
 D = Time resting spent in this place.
 E = Time spent auto-exploring this place.
 F = Levels seen in this place.
 G = Mean time per level.
                   A        B        C        D        E       F      G
               +--------+--------+--------+--------+--------+-----+--------+
         Total |  10600 |  10309 |    291 |   2135 |   6592 |  10 | 1060.0 |
       Dungeon |  10521 |  10244 |    277 |   2135 |   6536 |   9 | 1169.0 |
        Temple |     79 |     65 |     14 |      0 |     56 |   1 |   79.0 |
               +--------+--------+--------+--------+--------+-----+--------+

Top non-repeatable levels by time:
     D:8: 2326 daAuts
     D:7: 1699 daAuts
     D:4: 1132 daAuts
     D:1: 1048 daAuts
     D:5: 1027 daAuts
     D:3: 989 daAuts
     D:2: 853 daAuts
     D:6: 846 daAuts
     D:9: 595 daAuts
  Temple: 79 daAuts
